 Dungeon Crawl Stone Soup version 0.17-a0-1909-g0b14330 (webtiles) character file.

1367 DecibelRebel the Archer (level 8, -11/50 HPs)
             Began as a High Elf Hunter on Sept 25, 2015.
             Mangled by a quicksilver dragon simulacrum (22 damage)
             ... on level 1 of the Abyss.
             The game lasted 00:17:42 (4333 turns).

DecibelRebel the Archer (High Elf Hunter)           Turns: 4333, Time: 00:17:44

Health: -11/50     AC: 11    Str: 15    XL:     8   Next: 38%
Magic:  9/9        EV: 12    Int: 12    God:
Gold:   65         SH:  0    Dex: 21    Spells: 1 memorised, 3 levels left

rFire  + . .     SeeInvis +     s - +12 whip "Quaxebigg" {slash, rF+ SInv}
rCold  + . .     Clarity  .     j - +1 ring mail {rC+}
rNeg   . . .     SustAt   .     (no shield)
rPois  .         Gourm    .     l - +0 helmet
rElec  +         Spirit   .     f - +0 cloak
rCorr  .         Warding  .     C - +2 pair of gloves of Tulips {rElec Str+4 Int-4 Dex+4}
rMut   .         Stasis   .     (no boots)
MR     .....                    (no amulet)
Stlth  +.........               (no ring)
                                (no ring)

@: not resistant to hostile enchantments, very unstealthy
A: no striking features
a: no special abilities


You were on level 1 of the Abyss.
You were not hungry.

You visited 2 branches of the dungeon, and saw 7 of its levels.
You visited the Abyss 1 time.

You collected 293 gold pieces.
You spent 228 gold pieces at shops.

Inventory:

Hand weapons
 a - a +1 shortbow
 c - a +0 short sword
 s - the +12 whip "Quaxebigg" (weapon) {slash, rF+ SInv}
   (You found it on level 6 of the Dungeon)

   It inflicts extra damage upon your enemies.
   It protects you from fire.
   It lets you see invisible.
 w - a +0 great sword
 z - a +0 rapier of electrocution
Missiles
 b - 12 arrows
 i - 11 arrows of frost
 B - 17 poisoned arrows
Armour
 d - a +0 leather armour
 f - a +0 cloak (worn)
 j - a +1 ring mail of cold resistance (worn)
 l - a +0 helmet (worn)
 C - the +2 pair of gloves of Tulips (worn) {rElec Str+4 Int-4 Dex+4}
   (You bought it in a shop on level 5 of the Dungeon)

   It affects your strength (+4).
   It affects your intelligence (-4).
   It affects your dexterity (+4).
   It insulates you from electricity.
Jewellery
 u - an uncursed ring of ice {unknown}
Magical devices
 v - a wand of disintegration (24)
Scrolls
 m - 4 scrolls of noise
 n - 2 scrolls of random uselessness
 p - 4 scrolls of fear
 q - a scroll of vulnerability {unknown}
 r - a scroll of enchant armour
 t - 2 scrolls of magic mapping
 y - a scroll of identify
 A - a scroll of remove curse
 F - a scroll of enchant weapon
Potions
 h - a potion of haste {unknown}
 o - a potion of agility
Books
 k - a book of the Sky

   Spells                             Type                      Level
   a - Summon Lightning Spire         Summoning/Air                4
   b - Airstrike                      Air                          4
   c - Silence                        Hexes/Air                    5
   d - Deflect Missiles               Charms/Air                   6
   e - Conjure Ball Lightning         Conjuration/Air              6
   f - Tornado                        Air                          9
Comestibles
 e - 6 bread rations
 g - a slice of pizza
 x - 6 fruits
 E - 2 beef jerkies
 H - a meat ration


   Skills:
 - Level 2.0 Fighting
 + Level 13.7 Bows
 - Level 2.1 Dodging
 - Level 1.1 Stealth


You had 3 spell levels left.
You knew the following spells:

 Your Spells              Type           Power        Failure   Level  Hunger
a - Airstrike             Air            #.........   100%        4    #####..


Dungeon Overview and Level Annotations

Branches:
Dungeon (6/15)             Temple (1/1) D:4

Altars:
Ashenzari
Dithmenos
Elyvilon
Fedhas
Gozag
Kikubaaqudgha
Nemelex Xobeh
Qazlal
Sif Muna
Trog
Yredelemnul
Zin
The Shining One

Shops:
D:5 **[

Annotations:
D:6 Edmund, Grinder, Sigmund


Message History

The shadow imp completely misses you.
Edmund hits you with a flail of distortion.
You are cast into the Abyss!
To return, you must find a gate leading back.
Welcome to the Abyss!
There is an empty arch of ancient stone here.
Found a great sword.
You see here a great sword.
w - a great sword
Found a scroll labeled OTIRIL HONI.
Found a scroll of remove curse.
A quicksilver dragon simulacrum comes into view.
The quicksilver dragon simulacrum bites you!
The quicksilver dragon simulacrum freezes you!!
You resist.
The quicksilver dragon simulacrum claws you!
* * * LOW HITPOINT WARNING * * *
The quicksilver dragon simulacrum freezes you!!
You resist.
You die...

### ### #..# #..###
... ###..##.#
.##########..#..@.#
.#..... ##.....#Z.#
.........###.#.##...#
..........#..#......#
#............#.#.#.#
#.#..#....#.#...###..
.#.#..#.#....#...#
.#. ...# .#####..#
##.# . #.... #### .#


You could see a quicksilver dragon simulacrum.

Vanquished Creatures
  A sky beast (D:5)
  3 ogres
  2 ice beasts (D:5)
  A giant frog (D:6)
  3 hounds
  A giant frog zombie (D:5)
  A crimson imp (D:5)
  An orc priest (D:6)
  Crazy Yiuf (D:6)
  A giant frog skeleton (D:6)
  3 worker ants
  A jelly (D:5)
  3 iguanas
  7 orc wizards
  7 adders
  3 oozes
  A worm (D:5)
  2 adder skeletons (D:4)
  2 giant geckos
  26 orcs
  2 giant cockroaches
  7 goblins
  3 hobgoblins
  4 kobolds
  A ball python (D:5)
  5 bats
  3 giant newts
  A quokka zombie (D:5)
  3 rats
99 creatures vanquished.

Vanquished Creatures (others)
  A human (D:3)
1 creature vanquished.

Grand Total: 100 creatures vanquished

Notes
Turn   | Place    | Note
--------------------------------------------------------------
     0 | D:1      | DecibelRebel the High Elf Hunter began the quest for the Orb.
     0 | D:1      | Reached XP level 1. HP: 14/14 MP: 2/2
   208 | D:1      | Reached XP level 2. HP: 19/19 MP: 3/3
   262 | D:1      | Reached skill level 6 in Bows
   684 | D:2      | Reached XP level 3. HP: 24/24 MP: 4/4
   791 | D:2      | Reached skill level 7 in Bows
   950 | D:2      | Found a glowing golden altar of the Shining One.
  1037 | D:2      | Reached XP level 4. HP: 26/29 MP: 5/5
  1349 | D:3      | Found an ancient bone altar of Kikubaaqudgha.
  1350 | D:3      | Noticed a human
  1353 | D:3      | Killed a human
  1451 | D:3      | Reached skill level 8 in Bows
  1772 | D:3      | Reached XP level 5. HP: 32/34 MP: 6/6
  1982 | D:4      | Learned a level 4 spell: Airstrike
  1986 | D:4      | Reached skill level 9 in Bows
  2092 | D:4      | Found a deep blue altar of Sif Muna.
  2106 | D:4      | Reached XP level 6. HP: 30/39 MP: 7/7
  2314 | D:4      | Reached skill level 10 in Bows
  2670 | D:4      | Found a staircase to the Ecumenical Temple.
  2720 | D:4      | Found a bloodstained altar of Trog.
  2780 | Temple   | Entered the Ecumenical Temple
  2967 | D:5      | Entered Level 5 of the Dungeon
  2967 | D:5      | Found Fysost's Antique Armour Boutique.
  2978 | D:5      | Bought a pair of shimmering gloves for 228 gold pieces
  2983 | D:5      | Identified the +2 pair of gloves of Tulips {rElec Str+4 Int-4 Dex+4} (You bought it in a shop on level 5 of the Dungeon)
  3129 | D:5      | Reached skill level 11 in Bows
  3129 | D:5      | Reached XP level 7. HP: 36/45 MP: 8/8
  3184 | D:5      | Found Onadof's Assorted Antiques.
  3196 | D:5      | Reached skill level 12 in Bows
  3313 | D:5      | Found Cunybes's Assorted Antiques.
  3687 | D:5      | Found a blossoming altar of Fedhas.
  3702 | D:5      | Reached XP level 8. HP: 48/50 MP: 9/9
  3762 | D:6      | Noticed Edmund
  3767 | D:6      | Noticed Grinder
  3790 | D:6      | Reached skill level 13 in Bows
  3825 | D:6      | Noticed Sigmund
  3838 | D:6      | Paralysed by Grinder for 3 turns
  4159 | D:6      | Noticed Crazy Yiuf
  4167 | D:6      | Killed Crazy Yiuf
  4274 | D:6      | Got a sapphire whip
  4275 | D:6      | Identified the +12 whip "Quaxebigg" {slash, rF+ SInv} (You found it on level 6 of the Dungeon)
  4290 | D:6      | Cast into the Abyss (Edmund)
  4332 | Abyss:1  | Noticed a quicksilver dragon simulacrum
  4333 | Abyss:1  | Mangled by a quicksilver dragon simulacrum

Vault maps used:
D:1:      dpeg_arrival_erosion, corexii_item_surrounded_by_moat
D:2:      nicolae_tso_swordbearing_angel
D:3:      tgw_kikubaaqudgha
D:4:      lightli_temple_of_fire, minmay_temple_entry_enclosed_plants,
          led_sif_book
D:5:      fedhas_altar_fruit_tree, serial_shops, shop, shop, shop, first_bread,
          st_stairs_14, saegor_snake_ambush
D:6:      grunt_temple_overflow_champion_of_chaos, roderic_serpentine_path,
          uniq_sigmund, uniq_edmund, uniq_grinder, uniq_crazy_yiuf_cottage
Temple:   roderic_octagonal_lattice_temple

Action                   |  1- 3 |  4- 6 |  7- 9 || total
-------------------------+-------+-------+-------++-------
Melee: Short sword       |       |    16 |       ||    16
       Rapier            |       |    25 |    41 ||    66
       Whip              |       |       |     4 ||     4
 Fire: Shortbow          |    71 |   142 |    70 ||   283
  Use: Scroll            |       |     7 |     6 ||    13
       Potion            |       |     2 |     5 ||     7
 Stab: Sleeping          |       |     1 |       ||     1
       Distracted        |       |       |     1 ||     1
  Eat: Beef jerky        |       |     1 |       ||     1
       Chunk             |       |     3 |     4 ||     7
       Fruit             |       |     2 |       ||     2
